cohdb
Replays
Latest Replays
All Replays
Popular Replays
Top Player Replays
Match Explorer
How It Works
Community
CoH3 Stats
Reddit
Sign in to upload your games and track your stats! →
Sign in with Steam
Match 43368123
Unlisted
Match 43368123
Overview
Messages
Build Orders
End
Construct Barracks
Riflemen Squad
Riflemen Squad
Grenade Package
Riflemen Squad
Selects Airborne Battlegroup
Selects Heavy Machine Gun Paradrop
Heavy Machine Gun Paradrop
Infantry Support Center
Construct Medical Station
Selects Paratrooper Squad Paradrop
LilDick
Monsieur Nathan
0
0
Comments
sign in to comment!
No comments posted yet!